 Dungeon Crawl Stone Soup version 0.18-a0-1426-g3b9a63c (webtiles) character file.

110 chei the Chiller (level 4, -2/38 HPs)
             Began as a Naga Ice Elementalist on Feb 27, 2016.
             Slain by a worker ant (4 damage)
             ... on level 4 of the Dungeon.
             The game lasted 00:06:02 (3763 turns).

chei the Chiller (Naga Ice Elementalist)            Turns: 3763, Time: 00:06:02

Health: -2/38      AC:  2    Str: 10    XL:     4   Next: 91%
Magic:  6/7        EV: 10    Int: 16    God:
Gold:   156        SH:  0    Dex: 12    Spells: 3 memorised, 1 level left

rFire  + . .     SeeInvis +     g - +0 short sword
rCold  . . .     Gourm    .     a - +0 robe
rNeg   . . .     Faith    .     (no shield)
rPois  +         Spirit   .     (no helmet)
rElec  .         Dismiss  .     (no cloak)
rCorr  .         Reflect  .     (no gloves)
SustAt .         Harm     .     (no barding)
MR     .....                    (no amulet)
Stlth  ++........               (no ring)
                                m - ring of protection from fire

@: very slightly contaminated, invisible, very slow, not resistant to hostile
enchantments, unstealthy
A: see invisible, deformed body, poison resistance, slowness 2, slow metabolism
1, spit poison 2, AC +1
a: Spit Poison


You were on level 4 of the Dungeon.
You were near starving.

You visited 1 branch of the dungeon, and saw 4 of its levels.

You collected 156 gold pieces.

Inventory:

Hand Weapons
 g - a +0 short sword (weapon)
Armour
 a - a +0 robe (worn)
 j - a +0 shield
Jewellery
 m - a ring of protection from fire (left hand)
Scrolls
 d - 3 scrolls of identify {unknown}
 e - 3 scrolls of remove curse {unknown}
 f - a scroll of amnesia {unknown}
 i - 2 scrolls of fear {unknown}
 l - a scroll of blinking {unknown}
 n - 2 scrolls of teleportation {unknown}
Potions
 k - 2 potions of haste
 p - a potion of mutation {unknown}
 q - a potion of might {unknown}
Books
 b - a book of Frost

   Spells                             Type                      Level
   a - Freeze                         Ice                          1
   b - Throw Frost                    Conjuration/Ice              2
   c - Ozocubu's Armour               Charms/Ice                   3
   d - Throw Icicle                   Conjuration/Ice              4
   e - Summon Ice Beast               Ice/Summoning                4
Comestibles
 c - 2 bread rations
 h - 3 meat rations


   Skills:
 + Level 1.2 Fighting
 + Level 1.1 Short Blades
 + Level 2.4 Dodging
 + Level 3.2 Stealth
 + Level 2.3 Spellcasting
 + Level 1.4 Conjurations
 + Level 0.4 Charms
 + Level 3.7 Ice Magic


You had one spell level left.
You knew the following spells:

 Your Spells              Type           Power        Failure   Level  Hunger
a - Freeze                Ice            ##..         6%          1    #......
b - Throw Frost           Conj/Ice       ##....       12%         2    ###....
c - Ozocubu's Armour      Chrm/Ice       #.......     28%         3    ###....


Dungeon Overview and Level Annotations

Branches:
Dungeon (4/15)
 Temple: D:4-7

Altars:
Nemelex Xobeh
Yredelemnul

Annotations:
D:2 1 runed door
D:3 chei's ghost, amateur NaWr


Innate Abilities, Weirdness & Mutations

You cannot wear boots.
Your serpentine skin is tough (AC +1).
You have supernaturally acute eyesight.
Armour fits poorly on your strangely shaped body.
Your system is resistant to poisons.
You cover ground very slowly.
You have a slow metabolism.
You can spit poison.


Message History

The worker ant barely misses you.
You are very lightly contaminated with residual magic.
You hit the worker ant but do no damage.
The worker ant is severely wounded.
The worker ant closely misses you.
Unknown command.
You hit the worker ant but do no damage.
The worker ant is severely wounded.
The worker ant barely misses you. x2
Unknown command.
Casting: Ozocubu's Armour
Confirm with . or Enter, or press ? or * to list all spells.
Aiming: Freeze
Press: ? - help, Shift-Dir - straight line, f - worker ant
Aim: a worker ant (severely wounded)
You freeze the worker ant.
The worker ant is almost dead.
Your icy armour evaporates.
The worker ant bites you.
You die...

..... ......
.#.... #.....
#####....#
#..<..#
#####.##.###
......)....#
...#.#@##.# #..
# #a# .#
#............#
#..............
#..?..........#
#..............
##............#
#.............#
..#.......<...#


You could see a worker ant.

Vanquished Creatures
  5 adders
  An ooze (D:2)
  A worm (D:2)
  3 dart slugs
  2 giant geckos
  6 orcs
  2 giant cockroaches
  4 goblins
  5 hobgoblins
  6 kobolds
  5 bats
  A giant newt (D:3)
  A jackal skeleton (D:2)
  2 rats
44 creatures vanquished.

Notes
Turn   | Place    | Note
--------------------------------------------------------------
     0 | D:1      | chei the Naga Ice Elementalist began the quest for the Orb.
     0 | D:1      | Reached XP level 1. HP: 15/15 MP: 3/3
   401 | D:1      | Reached XP level 2. HP: 13/22 MP: 0/5
   450 | D:1      | Learned a level 2 spell: Throw Frost
  2034 | D:2      | Reached XP level 3. HP: 28/28 MP: 3/6
  2039 | D:2      | Learned a level 3 spell: Ozocubu's Armour
  2260 | D:2      | Found a sparkling altar of Nemelex Xobeh.
  2287 | D:2      | Found a runed door.
  2287 | D:2      | Noticed a human
  2300 | D:2      | Found a basalt altar of Yredelemnul.
  2378 | D:2      | Reached XP level 4. HP: 27/37 MP: 7/7
  2689 | D:2      | Reached skill level 1 in Fighting
  3153 | D:3      | Reached skill level 1 in Short Blades
  3413 | D:3      | Noticed chei's ghost (amateur NaWr)
  3759 | D:4      | HP: 1/38 [worker ant (3)]
  3763 | D:4      | Slain by a worker ant

Vault maps used:
D:1:      minmay_arrival_shattered_statue, nrook_loot_triangle
D:2:      overflow_temple_1_default, first_bread, dk_yredelemnul_ordeal
D:3:      dk_vineyard_1
D:4:      black_bear_nest_2, old_standard_altar, uniq_edmund

Skill      XL: |  1  2  3  4 |
---------------+-------------+-----
Dodging        | 2 |  2.4
Fighting       | 1 |  1.2
Short Blades   | 1 |  1.1
Stealth        | |  3.2
Spellcasting   | |  2.3
Conjurations   | |  1.4
Charms         | |  0.4
Ice Magic      | |  3.7

Action                   |  1- 3 |  4- 6 || total
-------------------------+-------+-------++-------
Melee: Unarmed           |    16 |       ||    16
       Short sword       |    43 |   151 ||   194
 Cast: Freeze            |     6 |     5 ||    11
       Throw Frost       |    17 |       ||    17
       Ozocubu's Armour  |     3 |     5 ||     8
 Abil: Spit Poison       |     5 |     3 ||     8
  Use: Potion            |       |     1 ||     1
 Stab: Sleeping          |     1 |     2 ||     3
  Eat: Chunk             |     1 |     2 ||     3
       Bread ration      |     1 |       ||     1
